[Event "Team 45 45 League T35"]
[Site "Internet Chess Club"]
[Date "2007.11.19"]
[Round "5"]
[White "bajerk"]
[Black "Dostoy"]
[Result "0-1"]
[WhiteElo "1294"]
[BlackElo "1538"]
[Opening "Caro-Kann: Hillbilly attack"]
[ECO "B10"]
[Time "09:35:26"]
[TimeControl "2700+45"]

1. e4 c6 2. Bc4 d5 3. exd5 cxd5 4. Bb5+ Bd7 5. Bxd7+ Nxd7 6. d4 e6 7. a3 Ngf6 8.
Nf3 Bd6 9. O-O O-O 10. h3 Re8 11. Bg5 Qc7 12. Nc3 a6 13. Re1 h6 14. Be3 b5 15.
Na2 Ne4 16. c3 Nb6 17. Qc1 Nc4 18. Re2 Rac8 19. Nb4 a5 20. Nd3 f6 21. Nd2 a4 22.
Nxc4 bxc4 23. Nb4 Qf7 24. Qd1 f5 25. f3 Ng3 26. Rf2 f4 27. Bd2 Qg6 28. Qxa4 Be7
29. Bxf4 Bh4 30. Bxg3 Bxg3 31. Re2 Bf4 32. g4 Qg5 33. Qc2 Qh4 34. a4 Qg3+ 35.
Rg2 Be3+ 36. Kh1 Qxh3+ 37. Rh2 Qxf3+ 38. Qg2 Rf8 39. Qxf3 Rxf3 40. a5 Bf4 41.
Rg2 Rh3+ 42. Kg1 Be3+ 43. Kf1 Rh1+ 44. Ke2 Rxa1 45. Kxe3 Rxa5 46. Kf4 Ra1 47.
Ke5 Re1+ 48. Kd6 Rf8 49. Nc6 g5 50. Ne5 Kg7 51. Kxe6 Rf6+ 52. Kxd5 Rf4 53. Nxc4
Kf6 54. Ne5 Ra1 55. b4 Rb1 56. Kc4 Ke6 57. Re2 Kd6 58. Re3 Rf8 59. Rh3 Rc8+ 60.
Kd3 Rb3 61. Kd2 Kd5 62. Kd3 Rbxc3+ {White resigns} 0-1

[Event "Team 45 45 League T35"]
[Site "Internet Chess Club"]
[Date "2007.11.18"]
[Round "5"]
[White "Vannak1"]
[Black "xakelari"]
[Result "1-0"]
[WhiteElo "1712"]
[BlackElo "2062"]
[Opening "Giuoco Piano"]
[ECO "C54"]
[Time "15:30:09"]
[TimeControl "2700+45"]

1. e4 e5 2. Nf3 Nc6 3. Bc4 Bc5 4. c3 Nf6 5. d3 d6 6. b4 Bb6 7. Ng5 O-O 8. a4 a6
9. a5 Ba7 10. h3 Qe7 11. O-O Nd8 12. Be3 h6 13. Nf3 Ne6 14. Nh4 Re8 15. Nf5 Qf8
16. Bxa7 Rxa7 17. Nd2 Nf4 18. Nh4 Be6 19. Kh2 g5 20. g3 N4h5 21. Nf5 Kh7 22. Qf3
Qh8 23. Rg1 Kg6 24. Qe3 Raa8 25. f4 Ng7 26. Nxg7 Kxg7 27. fxg5 hxg5 28. Qxg5+
Kf8 29. Bxe6 Rxe6 30. Raf1 Ke7 31. g4 Rg8 32. Qf5 Rg7 33. d4 exd4 34. cxd4 Rh7
35. Rg3 Nd7 36. g5 Rg6 37. e5 d5 38. Nb3 Qg7 39. Nc5 Nxc5 40. bxc5 Rh4 41. Qc8
Rc6 42. Qxb7 Kd7 43. Rf6 Rxf6 44. gxf6 Qh7 45. c6+ Kd8 46. Qb8# {Black
checkmated} 1-0

[Event "Team 45 45 League T35"]
[Site "Internet Chess Club"]
[Date "2007.11.16"]
[Round "5"]
[White "MindRide"]
[Black "IceBox"]
[Result "1/2-1/2"]
[WhiteElo "1718"]
[BlackElo "1712"]
[Opening "Sicilian: Grand Prix attack"]
[ECO "B23"]
[Time "17:00:20"]
[TimeControl "2700+45"]

1. e4 c5 2. Nc3 Nc6 3. f4 e6 4. Nf3 Nf6 5. Bb5 Nd4 6. d3 Nxb5 7. Nxb5 a6 8. Nc3
Be7 9. O-O O-O 10. e5 Nd5 11. Ne4 d6 12. Qe1 Nb4 13. Qf2 b6 14. exd6 Bxd6 15.
Nxd6 Qxd6 16. a3 Nc6 17. Qg3 Nd4 18. Nxd4 Qxd4+ 19. Qe3 Qxe3+ 20. Bxe3 Rd8 21.
b4 cxb4 22. Bxb6 Rd6 23. Bc5 Rc6 24. axb4 a5 25. c4 Bb7 26. Rfd1 axb4 27. Rxa8+
Bxa8 28. Bxb4 Ra6 29. Rd2 f6 30. Kf2 Kf7 31. g3 Ra1 32. Ke3 Ra4 33. Rb2 Ra7 34.
Bc3 Ke7 35. d4 Ra3 36. Kd2 Kd7 37. Bb4 Ra1 38. Bf8 g6 39. Kc3 Bc6 40. Kb4 Ra4+
41. Kc5 Ra5+ 42. Kb6 Ra8 43. Bb4 Ba4 {Game drawn by mutual agreement} 1/2-1/2

[Event "Team 45 45 League T35"]
[Site "Internet Chess Club"]
[Date "2007.11.16"]
[Round "5"]
[White "egd01"]
[Black "Invicta-Knight"]
[Result "1-0"]
[WhiteElo "1616"]
[BlackElo "1546"]
[Opening "Trompowsky attack (Ruth, Opocenský opening)"]
[ECO "A45"]
[Time "16:02:06"]
[TimeControl "2700+45"]

1. d4 Nf6 2. Bg5 d6 3. Bxf6 gxf6 4. e3 Bg7 5. Nf3 Bg4 6. Nbd2 Nc6 7. h3 Bh5 8.
g4 Bg6 9. Nh4 Qd7 10. Nxg6 fxg6 11. f4 f5 12. Bg2 O-O-O 13. Nb3 e5 14. dxe5 dxe5
15. Qxd7+ Rxd7 16. Bxc6 bxc6 17. c3 Re8 18. O-O exf4 19. exf4 Re2 20. Rf2 Rde7
21. Kg2 fxg4 22. hxg4 Re1 23. f5 gxf5 24. gxf5 Bf6 25. Rxe1 Rxe1 26. Na5 c5 27.
Nc4 Re4 28. Nd2 Rg4+ 29. Kf3 h5 30. Ne4 Be7 31. Rg2 Rxg2 32. Kxg2 Kd7 33. Kh3
Ke8 34. f6 Bd8 35. Kh4 Kf7 36. Kxh5 Bxf6 37. Nxc5 Ke7 38. Kg4 Be5 39. Kf5 Kd6
40. Nd3 Bh8 41. Ke4 c6 42. Kf5 Kd5 43. Nb4+ Kc5 44. Ke6 a5 45. Nc2 Bxc3 46. bxc3
Kc4 47. Kd6 Kxc3 48. Kxc6 a4 49. Kb5 a3 50. Nb4 Kb2 51. Ka4 Kc3 52. Kxa3 Kc4 53.
Ka4 Kc5 54. Ka5 Kd6 55. Kb6 Kd7 56. Kb7 Kd6 57. a4 Kc5 58. a5 {Black resigns}
1-0

[Event "Team 45 45 League T35"]
[Site "Internet Chess Club"]
[Date "2007.11.17"]
[Round "5"]
[White "Creb"]
[Black "A-Ru"]
[Result "0-1"]
[WhiteElo "1723"]
[BlackElo "1900"]
[Opening "French: Tarrasch, closed variation"]
[ECO "C05"]
[Time "10:55:49"]
[TimeControl "2700+45"]

1. e4 e6 2. d4 d5 3. Nd2 Nf6 4. e5 Nfd7 5. Bd3 c5 6. c3 Nc6 7. Ne2 Qb6 8. Nf3
cxd4 9. cxd4 f6 10. exf6 Nxf6 11. O-O Bd6 12. b3 O-O 13. Bf4 Bxf4 14. Nxf4 Ne4
15. Ne2 Nd6 16. Qd2 Bd7 17. Rae1 Rxf3 18. gxf3 Rf8 19. Qe3 Rf6 20. Kh1 Be8 21.
Rg1 Bh5 22. Rg3 Ne7 23. Qg5 Bg6 24. Bxg6 hxg6 25. Qe5 Ndf5 26. Rg4 Nc6 27. Qf4
Nfxd4 28. Qd6 Nf5 29. Qd7 Ne5 30. Qc8+ Rf8 31. Qc2 Qxf2 32. Rgg1 Nxf3 {White
resigns} 0-1

[Event "Team 45 45 League T35"]
[Site "Internet Chess Club"]
[Date "2007.11.15"]
[Round "5"]
[White "Kingofknights"]
[Black "Grenadier"]
[Result "1-0"]
[WhiteElo "1721"]
[BlackElo "1730"]
[Opening "QGD Slav: Tolush-Geller gambit"]
[ECO "D15"]
[Time "20:04:39"]
[TimeControl "2700+45"]

1. d4 d5 2. c4 c6 3. Nf3 Nf6 4. Nc3 dxc4 5. e4 b5 6. e5 Nd5 7. a4 a6 8. axb5
cxb5 9. Nxb5 Bb7 10. Nc3 Qc7 11. Qa4+ Qc6 12. Qxc4 e6 13. Bd2 Be7 14. Be2 O-O
15. O-O a5 16. Qxc6 Nxc6 17. Nxd5 exd5 18. Rfc1 Rfc8 19. Bb5 Nb4 20. g3 h5 21.
Rxc8+ Bxc8 22. Bxb4 Bxb4 23. Bc6 Ra7 24. Bxd5 Bg4 25. Be4 Rd7 26. d5 Kf8 27. Kg2
Ke7 28. Ng5 Be2 29. d6+ Kf8 30. Rc1 Rd8 31. Rc7 Kg8 32. Nxf7 Rf8 33. d7 Be7 34.
Bd5 Kh7 35. e6 Bd3 36. Rc8 {Black resigns} 1-0

[Event "Team 45 45 League T35"]
[Site "Internet Chess Club"]
[Date "2007.11.18"]
[Round "5"]
[White "logicg8"]
[Black "Ernie1"]
[Result "1-0"]
[WhiteElo "1778"]
[BlackElo "1607"]
[Opening "Caro-Kann: advance variation"]
[ECO "B12"]
[Time "21:56:38"]
[TimeControl "2700+45"]

1. e4 c6 2. d4 d5 3. e5 Bf5 4. Nf3 e6 5. Bd3 Bg6 6. Nc3 Bb4 7. O-O Bxc3 8. bxc3
Ne7 9. c4 O-O 10. Rb1 Qc7 11. Ba3 Re8 12. Qd2 Nf5 13. cxd5 cxd5 14. Rb3 Nd7 15.
Rfb1 b6 16. Qf4 f6 17. Bd6 Nxd6 18. exd6 Qc6 19. Bb5 Qc8 20. Rc1 Rf8 21. c4 e5
22. dxe5 fxe5 23. Qg5 Rf5 24. Qe7 Nc5 25. cxd5 e4 26. Nd4 Rxd5 27. Bc4 Ne6 28.
Qxe6+ Bf7 29. Qxd5 {Black resigns} 1-0

[Event "Team 45 45 League T35"]
[Site "Internet Chess Club"]
[Date "2007.11.17"]
[Round "5"]
[White "wango"]
[Black "bmw2002"]
[Result "0-1"]
[WhiteElo "1455"]
[BlackElo "1737"]
[Opening "Caro-Kann: advance variation"]
[ECO "B12"]
[Time "18:18:36"]
[TimeControl "2700+45"]

1. e4 c6 2. d4 d5 3. e5 c5 4. dxc5 e6 5. Be3 Nh6 6. Nf3 Nd7 7. Bb5 Qa5+ 8. Nc3
Nf5 9. Bxd7+ Bxd7 10. Bd2 Qxc5 11. O-O Be7 12. g4 Nh4 13. Be3 Nxf3+ 14. Kh1 d4
15. Ne4 Qxe5 16. Qxf3 Bc6 {White resigns} 0-1

[Event "Team 45 45 League T35"]
[Site "Internet Chess Club"]
[Date "2007.11.15"]
[Round "5"]
[White "littleboo"]
[Black "crag"]
[Result "1/2-1/2"]
[WhiteElo "1418"]
[BlackElo "1368"]
[Opening "Four knights: Scotch, 4...exd4"]
[ECO "C47"]
[Time "21:43:01"]
[TimeControl "2700+45"]

1. e4 e5 2. Nf3 Nc6 3. Nc3 Nf6 4. d4 exd4 5. Nxd4 Bc5 6. Be3 Nxd4 7. Bxd4 Bb6 8.
Bc4 O-O 9. O-O d6 10. Bxb6 axb6 11. Qd4 c5 12. Qd3 Be6 13. Nd5 Bxd5 14. exd5 Re8
15. Qf3 Ne4 16. Rad1 Qg5 17. Bb5 Re5 18. Bd3 Nf6 19. a3 Rxd5 20. c4 Re5 21. Qxb7
Ree8 22. f4 Qg4 23. Qc6 Qd7 24. Qxd7 Nxd7 25. Bf5 Nf6 26. Rxd6 Rab8 27. Rfd1 Kf8
28. Kf1 Ne4 29. Rc6 g6 30. Bd7 Red8 31. Rc7 Nf6 32. Ke2 Nxd7 33. Rdxd7 Rxd7
{Game drawn by mutual agreement} 1/2-1/2

[Event "Team 45 45 League T35"]
[Site "Internet Chess Club"]
[Date "2007.11.17"]
[Round "5"]
[White "t-hobbes"]
[Black "Cataclysm"]
[Result "1-0"]
[WhiteElo "1303"]
[BlackElo "1323"]
[Opening "French: advance, Euwe variation"]
[ECO "C02"]
[Time "17:06:19"]
[TimeControl "2700+45"]

1. e4 e6 2. d4 d5 3. e5 c5 4. c3 Nc6 5. Nf3 Bd7 6. Be2 Qb6 7. Na3 cxd4 8. cxd4
Bb4+ 9. Bd2 Nxd4 10. Nxd4 Qxd4 11. Nb5 Bxd2+ 12. Qxd2 Qxe5 13. O-O Nf6 14. Rac1
Bc6 15. Qb4 Qxe2 16. Nc7+ Kd7 17. Nxa8 Rxa8 18. Rxc6 Kxc6 19. Rc1+ {Black
resigns} 1-0

[Event "Team 45 45 League T35"]
[Site "Internet Chess Club"]
[Date "2007.11.19"]
[Round "5"]
[White "JimGaming"]
[Black "conron"]
[Result "1-0"]
[WhiteElo "1272"]
[BlackElo "1150"]
[Opening "Scotch gambit: Dubois-Réti defense"]
[ECO "C55"]
[Time "19:00:33"]
[TimeControl "2700+45"]

1. e4 e5 2. Nf3 Nc6 3. d4 exd4 4. Bc4 Nf6 5. e5 Ng4 6. Qe2 Bc5 7. h3 Nh6 8. Bxh6
gxh6 9. O-O Qe7 10. a3 d6 11. Re1 Rg8 12. e6 f6 13. Nh4 Rg5 14. Nd2 Re5 15. Qg4
Nd8 16. Nf5 Rxe1+ 17. Rxe1 Qf8 18. Qh5+ Nf7 19. exf7+ Kd8 20. Nxh6 Kd7 21. Ng8
Kd8 22. Nxf6 Bd7 23. Nxd7 Kxd7 24. Qf5+ Kc6 25. Bd5+ Kb6 26. Qd7 c6 27. Nc4+ Kb5
28. Qxb7+ Ka4 29. Qa6# {Black checkmated} 1-0

[Event "Team 45 45 League T35"]
[Site "Internet Chess Club"]
[Date "2007.11.18"]
[Round "5"]
[White "beerss"]
[Black "Cantemir"]
[Result "1-0"]
[WhiteElo "1421"]
[BlackElo "1456"]
[Opening "Bird's opening"]
[ECO "A02"]
[Time "19:04:42"]
[TimeControl "2700+45"]

1. f4 c5 2. b3 d5 3. Bb2 Nc6 4. Nf3 Nf6 5. e3 Bf5 6. Bb5 e6 7. Bxc6+ bxc6 8. O-O
Be7 9. Ne5 Qc7 10. d3 O-O 11. Nd2 h6 12. Qe1 Ng4 13. Qg3 Nxe5 14. Bxe5 Qxe5 15.
fxe5 f6 16. e4 Bh7 17. c4 fxe5 18. Rxf8+ Rxf8 19. Qxe5 Bf6 20. Qxe6+ Kh8 21. Rf1
Bd4+ 22. Kh1 Rxf1+ 23. Nxf1 dxe4 24. dxe4 Bg8 25. Qxc6 a5 26. h3 Kh7 27. Ng3 Bf7
28. Nf5 Bf2 29. Qd7 Kg6 30. Ne7+ Kf6 31. Qf5+ Kxe7 32. Qxf2 a4 33. Qxc5+ Kf6 34.
Qf5+ Ke7 35. Qe5+ Kf8 36. c5 a3 37. c6 Be8 38. c7 Bd7 39. Qd6+ Ke8 40. Qxa3 Bc8
41. Qd6 Bb7 42. Qd8+ Kf7 43. c8=Q Bxe4 44. Qdc7+ Kg6 45. Qg4+ Kf6 46. Qcxg7#
{Black checkmated} 1-0

[Event "Team 45 45 League T35"]
[Site "Internet Chess Club"]
[Date "2007.11.18"]
[Round "5"]
[White "gaboonzoom"]
[Black "Russ"]
[Result "1-0"]
[WhiteElo "1192"]
[BlackElo "1230"]
[Opening "Sicilian: Grand Prix attack"]
[ECO "B21"]
[Time "10:01:19"]
[TimeControl "2700+45"]

1. e4 c5 2. f4 d5 3. Nc3 d4 4. Nce2 Nc6 5. Ng3 e5 6. d3 Nf6 7. Nf3 exf4 8. Bxf4
Be7 9. Be2 O-O 10. O-O Re8 11. Qd2 h6 12. Bxh6 gxh6 13. Qxh6 Bf8 14. Qg5+ Bg7
15. Nh5 Nxh5 16. Qxh5 f6 17. Qg6 Ne7 18. Qg3 Rf8 19. Rf2 Rf7 20. Raf1 Qf8 21. e5
fxe5 22. Nxe5 Rxf2 23. Rxf2 Qe8 24. Rf7 Qxf7 25. Nxf7 Kxf7 26. Bh5+ Kf8 27. Qf4+
Bf5 28. g4 Kg8 29. gxf5 Rf8 30. Bg4 Bf6 31. Qc7 Bg5 32. Qxc5 Nc6 33. Qd5+ Kg7
34. Qb5 Rf7 35. Bf3 Rc7 36. Bxc6 bxc6 37. Qe5+ {Black resigns} 1-0

[Event "Team 45 45 League T35"]
[Site "Internet Chess Club"]
[Date "2007.11.15"]
[Round "5"]
[White "king4aknight"]
[Black "chips"]
[Result "0-1"]
[WhiteElo "1041"]
[BlackElo "1144"]
[Opening "Owen defense"]
[ECO "B00"]
[Time "19:02:52"]
[TimeControl "2700+45"]

1. e4 b6 2. Nc3 Bb7 3. Nf3 d6 4. Bc4 e6 5. O-O Nf6 6. d3 c6 7. Ng5 d5 8. exd5
cxd5 9. Bb5+ Bc6 10. Qe2 Bb4 11. d4 Bxc3 12. bxc3 O-O 13. Bf4 Bxb5 14. Qxb5 Qd7
15. Qd3 g6 16. Be5 Qe7 17. Qh3 h5 18. Qf3 Ng4 19. Qg3 Qxg5 20. f4 Qf5 21. Qh4
Nc6 22. Bd6 Rfe8 23. h3 Ne3 24. Rf2 Nxc2 25. g4 hxg4 26. Rc1 Ne3 27. Re1 Nc4 28.
Bc7 gxh3 29. Rh2 Kg7 30. Rxh3 Rh8 31. Qg3 Qxh3 32. Be5+ f6 33. Bxf6+ Kxf6 34.
Qg5+ Kf7 35. f5 exf5 36. Qg2 Qxg2+ 37. Kxg2 Rhe8 38. Rh1 Kf6 39. Kg3 Re3+ 40.
Kf4 Rxc3 {White resigns} 0-1

[Event "Team 45 45 League T35"]
[Site "Internet Chess Club"]
[Date "2007.11.20"]
[Round "5"]
[White "Lionskins"]
[Black "Fidelian"]
[Result "0-1"]
[WhiteElo "1557"]
[BlackElo "1375"]
[Opening "English orang-utan"]
[ECO "A00"]
[Time "13:31:49"]
[TimeControl "2700+45"]

1. b4 Nf6 2. c4 d5 3. e3 d4 4. Qa4+ c6 5. Nf3 dxe3 6. dxe3 e6 7. Nc3 Bd6 8. Bb2
a5 9. c5 Bc7 10. Rd1 Nd5 11. Ne4 O-O 12. Nd6 Bxd6 13. cxd6 Nxb4 14. h4 Nd7 15.
g4 Nc5 16. Qa3 Nc2+ 17. Ke2 Nxa3 18. Bxa3 b6 19. Bg2 Bd7 20. Ne5 Rc8 21. Rd4 Nb7
22. g5 b5 23. f4 b4 24. Bb2 Nc5 25. Rc1 Na4 26. Ba1 c5 27. Rd2 Nb6 28. Bb7 Nd5
29. Kf3 f6 30. Nxd7 Qxd7 31. Bxc8 Rxc8 32. gxf6 Nxf6 33. Rg1 Nh5 34. Rdg2 g6 35.
Rg5 Kf7 36. Rxh5 gxh5 37. Rg7+ Ke8 38. Rxd7 Kxd7 39. Be5 c4 40. Ke2 c3 41. Kd1
Rg8 42. Kc1 Rg4 43. Bf6 Kxd6 44. Kc2 Kd5 45. Kd3 Rg2 46. e4+ Kc6 47. Bd4 Rxa2
{White resigns} 0-1

[Event "Team 45 45 League T35"]
[Site "Internet Chess Club"]
[Date "2007.11.17"]
[Round "5"]
[White "b2solo"]
[Black "Riddari"]
[Result "0-1"]
[WhiteElo "1143"]
[BlackElo "1352"]
[Opening "Réti opening"]
[ECO "A04"]
[Time "10:00:40"]
[TimeControl "2700+45"]

1. Nf3 c5 2. g3 d6 3. Bg2 Nf6 4. d3 e6 5. Nbd2 Nc6 6. e4 Be7 7. O-O Qc7 8. c3
Rb8 9. Re1 e5 10. Nf1 Ng4 11. h3 Nf6 12. Ne3 Be6 13. Ng5 Bd7 14. h4 h6 15. Nf3
Ng4 16. Nd5 Qd8 17. Nh2 Qc8 18. Bf3 h5 19. Bxg4 hxg4 20. f3 gxf3 21. Nxf3 Bg4
22. Qb3 Bxf3 23. Rf1 Be2 24. Nb6 Qe6 25. Nd5 Kd7 26. Rxf7 Qg6 27. Kg2 Rxh4 28.
Bg5 Qxg5 29. Qb5 Rh2+ 30. Kxh2 Qh5+ 31. Kg2 Qxf7 32. Qb3 Qf3+ 33. Kh3 Rh8#
{White checkmated} 0-1

[Event "Team 45 45 League T35"]
[Site "Internet Chess Club"]
[Date "2007.11.17"]
[Round "5"]
[White "otib2006"]
[Black "uipawn"]
[Result "0-1"]
[WhiteElo "1296"]
[BlackElo "1347"]
[Opening "Sicilian defense"]
[ECO "B32"]
[Time "08:00:57"]
[TimeControl "2700+45"]

1. e4 c5 2. Nf3 Nc6 3. d4 d6 4. dxc5 dxc5 5. Bb5 Qxd1+ 6. Kxd1 a6 7. Bxc6+ bxc6
8. Ke2 Nf6 9. Rd1 Nxe4 10. Kf1 e6 11. Nc3 Nxc3 12. bxc3 Be7 13. Bf4 O-O 14. Ne5
Bf6 15. Nxc6 Bxc3 16. Rab1 f6 17. Bd6 Re8 18. Bxc5 a5 19. Ne7+ Kf7 20. Nxc8
Raxc8 21. Be3 Bb4 22. Bd2 Rxc2 23. Bxb4 axb4 24. a4 bxa3 25. Rd3 a2 26. Ra1 Rb8
27. Rdd1 Rcb2 28. Ke1 e5 29. h4 Kg6 30. g4 h5 31. f3 R8b3 32. g5 fxg5 33. f4
gxf4 34. Rd6+ Kf5 35. Rd7 Rb1+ 36. Rd1 Rxa1 37. Rxa1 Rb1+ 38. Rxb1 axb1=Q+
{White resigns} 0-1

[Event "Team 45 45 League T35"]
[Site "Internet Chess Club"]
[Date "2007.11.18"]
[Round "5"]
[White "LittleBunny"]
[Black "gilalva"]
[Result "1-0"]
[WhiteElo "1228"]
[BlackElo "1109"]
[Opening "Konstantinopolsky opening"]
[ECO "C44"]
[Time "19:02:31"]
[TimeControl "2700+45"]

1. e4 e5 2. Nf3 Nc6 3. g3 Nf6 4. Nc3 Bb4 5. Bg2 Bxc3 6. dxc3 d5 7. exd5 Bg4 8.
Qd2 Na5 9. Nxe5 Qe7 10. Qe3 Nc4 11. Nxc4 Qxe3+ 12. Nxe3 O-O-O 13. O-O c6 14. c4
Be2 15. Re1 Bh5 16. Bh3+ Kb8 17. g4 Bg6 18. b3 cxd5 19. Bb2 d4 20. Nf5 Bxf5 21.
gxf5 Nh5 22. Rad1 Nf4 23. Bg2 Rhe8 24. Rxe8 Rxe8 25. Rxd4 Ne2+ 26. Kf1 Nxd4 27.
Bxd4 f6 28. a4 h5 29. Bf3 Rh8 30. h4 Rh6 31. Be3 g5 32. hxg5 fxg5 33. Bxg5 Rh7
34. f6 h4 35. Kg2 h3+ 36. Kh2 Rd7 37. Bd5 Rd8 38. f7 Kc7 39. Bxd8+ Kxd8 40.
f8=Q+ {Black resigns} 1-0

[Event "Team 45 45 League T35"]
[Site "Internet Chess Club"]
[Date "2007.11.19"]
[Round "5"]
[White "carolinaknight"]
[Black "Mitch99"]
[Result "1-0"]
[WhiteElo "1237"]
[BlackElo "1427"]
[Opening "French: advance, Paulsen attack"]
[ECO "C02"]
[Time "18:52:04"]
[TimeControl "2700+45"]

1. e4 e6 2. d4 d5 3. e5 c5 4. c3 Nc6 5. Nf3 Qb6 6. a3 c4 7. Be2 f6 8. O-O fxe5
9. Nxe5 Bd6 10. Qd2 Nxe5 11. dxe5 Bxe5 12. Qg5 Qc7 13. g3 Nf6 14. Nd2 O-O 15.
Nf3 Bd6 16. Nd4 Bd7 17. Bf3 e5 18. Nf5 e4 19. Qxg7# {Black checkmated} 1-0

[Event "Team 45 45 League T35"]
[Site "Internet Chess Club"]
[Date "2007.11.15"]
[Round "5"]
[White "mkrump"]
[Black "furrbrain"]
[Result "1-0"]
[WhiteElo "1336"]
[BlackElo "1310"]
[Opening "French: Tarrasch, open, 4.ed ed"]
[ECO "C08"]
[Time "21:02:22"]
[TimeControl "2700+45"]

1. e4 e6 2. d4 d5 3. Nd2 c5 4. exd5 exd5 5. Ngf3 Nf6 6. Bb5+ Nc6 7. dxc5 Bxc5 8.
O-O O-O 9. Nb3 Bd6 10. Nbd4 Qc7 11. c3 Ng4 12. g3 Be6 13. Nxe6 fxe6 14. Ng5 Rae8
15. Qxg4 Ne5 16. Qh3 h6 17. Nxe6 Nf3+ 18. Kg2 Ng5 19. Nxg5 hxg5 20. Bxe8 Rxe8
21. Bxg5 d4 22. Rfe1 Qc6+ 23. Kg1 Rf8 24. cxd4 Qc2 25. Rf1 Qxb2 26. Qe6+ Rf7 27.
Qxd6 Qb5 28. Qc5 {Black resigns} 1-0

[Event "Team 45 45 League T35"]
[Site "Internet Chess Club"]
[Date "2007.11.18"]
[Round "5"]
[White "WzeroMN"]
[Black "bjc"]
[Result "0-1"]
[WhiteElo "1198"]
[BlackElo "1381"]
[Opening "Ruy Lopez: Berlin defense, open variation"]
[ECO "C67"]
[Time "15:03:36"]
[TimeControl "2700+45"]

1. e4 e5 2. Nf3 Nc6 3. Bb5 Nf6 4. O-O Nxe4 5. Bxc6 dxc6 6. Re1 Bf5 7. d3 Nd6 8.
Rxe5+ Be7 9. Nc3 Qd7 10. Bf4 O-O-O 11. Re1 f6 12. Nd4 Bg4 13. Qd2 g5 14. Bxd6
Bxd6 15. Re4 f5 16. Rxg4 fxg4 17. Qxg5 Rhg8 18. Qf5 Qxf5 19. Nxf5 Bf8 20. Re1
Rg5 21. Ng3 Kd7 22. Kf1 Re8 23. Rxe8 Kxe8 24. Nce4 Ra5 25. a3 Bg7 26. c3 Kd7 27.
Ng5 Rxg5 {White resigns} 0-1

[Event "Team 45 45 League T35"]
[Site "Internet Chess Club"]
[Date "2007.11.15"]
[Round "5"]
[White "CSCARChaplain"]
[Black "gwg"]
[Result "0-1"]
[WhiteElo "705"]
[BlackElo "1033"]
[Opening "Ruy Lopez: Berlin defense, open variation"]
[ECO "C67"]
[Time "19:00:01"]
[TimeControl "2700+45"]

1. e4 e5 2. Nf3 Nc6 3. Bb5 Nf6 4. O-O Nxe4 5. Bxc6 bxc6 6. Re1 d5 7. Nxe5 Qf6 8.
Qf3 Qxf3 9. Nxf3 Bc5 10. d3 Bxf2+ 11. Kf1 Bxe1 12. dxe4 Bb4 13. exd5 Ba6+ 14.
Kg1 Bc5+ 15. Kh1 Rd8 16. Nc3 O-O 17. Bf4 Rd7 18. Ne5 Re7 19. Rd1 f6 20. d6 cxd6
21. Nxc6 Re6 22. a4 Rfe8 23. g3 Bb7 24. Kg2 Bxc6+ 25. Kh3 g5 26. Bxd6 Bxd6 27.
Nb5 f5 28. Nxd6 Rh6# {White checkmated} 0-1

[Event "Team 45 45 League T35"]
[Site "Internet Chess Club"]
[Date "2007.11.17"]
[Round "5"]
[White "Visin"]
[Black "curtintime"]
[Result "1-0"]
[WhiteElo "1322"]
[BlackElo "1426"]
[Opening "English: Bremen, reverse dragon"]
[ECO "A22"]
[Time "14:57:04"]
[TimeControl "2700+45"]

1. c4 e5 2. Nc3 Nf6 3. g3 d5 4. cxd5 Nxd5 5. Bg2 Nxc3 6. bxc3 Be6 7. Bxb7 Nd7 8.
Bxa8 Qxa8 9. f3 e4 10. d3 exf3 11. Nxf3 Ne5 12. d4 Nxf3+ 13. exf3 Bg4 14. O-O
Be6 15. Re1 Be7 16. Bf4 Qc6 17. a4 O-O 18. Rc1 Ba3 19. Ra1 Be7 20. Kg2 Rc8 21.
d5 Qxc3 22. dxe6 Qb2+ 23. Re2 Qb8 24. Qd7 Kf8 25. Rc1 g5 26. Bxc7 Qa8 27. Rec2
g4 28. Qc6 gxf3+ 29. Kxf3 Qxc6+ 30. Rxc6 fxe6 31. Rxe6 Bd8 32. Rec6 Bg5 33. R1c5
Be7 34. Rc4 Kg8 35. Be5 Rf8+ 36. Kg2 Rf5 37. Rg4+ Kf7 38. Rg7+ Ke8 39. Rg8+ Kd7
40. Rc7+ Ke6 41. Bf4 Kf7 42. Ra8 Ra5 43. Raxa7 Rxa7 44. Rxa7 Ke6 45. a5 h5 46.
a6 Bc5 47. Rb7 Kf5 48. Kf3 Ke6 49. Be3 Bxe3 50. Kxe3 Kf5 51. Kf3 Kg5 52. a7 h4
53. gxh4+ Kxh4 54. a8=Q Kg5 55. Rb5+ Kf6 56. Qa6+ Ke7 57. Rb7+ Kd8 58. Qa8#
{Black checkmated} 1-0

[Event "Team 45 45 League T35"]
[Site "Internet Chess Club"]
[Date "2007.11.17"]
[Round "5"]
[White "Prop"]
[Black "Tomate"]
[Result "0-1"]
[WhiteElo "1251"]
[BlackElo "1374"]
[Opening "Bishop's opening: Berlin defense"]
[ECO "C24"]
[Time "15:36:56"]
[TimeControl "2700+45"]

1. e4 e5 2. Bc4 Nf6 3. d3 c6 4. Nc3 Be7 5. Nf3 d6 6. O-O O-O 7. d4 exd4 8. Qxd4
Bg4 9. Be2 Bxf3 10. Bxf3 Nbd7 11. Bf4 Qb6 12. Rad1 Qxb2 13. Rd3 Qb6 14. Bxd6
Qxd4 15. Rxd4 Bxd6 16. Rxd6 Ne5 17. Be2 Rfd8 18. Rfd1 Re8 19. f4 Ng6 20. e5 Nd5
21. Nxd5 cxd5 22. g3 Ne7 23. c4 Rad8 24. Rxd8 Rxd8 25. cxd5 Rxd5 26. Rxd5 Nxd5
27. Bf3 Nc3 28. Bxb7 Nxa2 29. f5 Nc3 30. h4 a5 31. Ba6 a4 32. e6 f6 33. Bc4 Kf8
34. g4 a3 35. g5 a2 36. Bxa2 Nxa2 37. Kf2 Nc3 38. Kf3 Nd5 39. Ke4 Ne7 40. Kf4
Ke8 41. h5 h6 42. g6 Kd8 43. Ke4 Kc7 44. Kd4 Kd6 45. Ke4 Kc5 46. Kf4 Kd5 47. Kg4
Ke5 48. Kf3 Nxf5 49. Kg4 Ne7 {White resigns} 0-1

[Event "Team 45 45 League T35"]
[Site "Internet Chess Club"]
[Date "2007.11.17"]
[Round "5"]
[White "Dalcon"]
[Black "BosqueVerde"]
[Result "0-1"]
[WhiteElo "1329"]
[BlackElo "1270"]
[Opening "Philidor's defense"]
[ECO "C41"]
[Time "11:31:54"]
[TimeControl "2700+45"]

1. e4 e5 2. Nf3 d6 3. Nc3 Nf6 4. Bc4 Bg4 5. d3 Be7 6. O-O O-O 7. h3 Bh5 8. Be3
Nbd7 9. d4 Nb6 10. Be2 exd4 11. Bxd4 c5 12. Be3 Rc8 13. b3 d5 14. Nxd5 Nbxd5 15.
exd5 Nxd5 16. c4 Nxe3 17. Qxd8 Rcxd8 18. fxe3 Bf6 19. Rad1 Rfe8 20. Rxd8 Bxd8
21. Rd1 a5 22. Rd5 g6 23. g4 Bxg4 24. hxg4 b6 25. Kf2 Bc7 26. Bd3 Kg7 27. a4 Re6
28. g5 Bb8 29. e4 h6 30. gxh6+ Kxh6 31. Rd7 Rf6 32. e5 Bxe5 33. Be4 Rf4 34. Ke3
f5 35. Nxe5 Rxe4+ 36. Kd3 Rxe5 37. Rd6 f4 38. Rxb6 Re3+ 39. Kd2 Kh5 40. Rc6 Re5
41. Rd6 g5 42. Rd5 Rxd5+ 43. cxd5 Kg6 44. Kd3 Kf5 45. Kc4 Kf6 46. d6 Ke6 47.
Kxc5 Kd7 48. Kd4 Kxd6 49. Ke4 Kc5 {White resigns} 0-1

[Event "Team 45 45 League T35"]
[Site "Internet Chess Club"]
[Date "2007.11.16"]
[Round "5"]
[White "Gomer"]
[Black "rpgrossman"]
[Result "1-0"]
[WhiteElo "1160"]
[BlackElo "1118"]
[Opening "Bishop's opening: Berlin defense"]
[ECO "C24"]
[Time "13:02:24"]
[TimeControl "2700+45"]

1. e4 e5 2. Bc4 Nf6 3. d3 Bc5 4. Nc3 d6 5. Nf3 Ng4 6. O-O Nxf2 7. Rxf2 Bxf2+ 8.
Kxf2 Bg4 9. Kg1 O-O 10. Qf1 Bxf3 11. Qxf3 Nd7 12. Qg3 Qf6 13. Nd5 Qg6 14. Ne7+
Kh8 15. Nxg6+ fxg6 16. Be3 Nb6 17. Bxb6 axb6 18. Rf1 Rxf1+ 19. Kxf1 Rf8+ 20. Kg1
c6 21. Qh4 b5 22. Bb3 Rc8 23. Qe7 d5 24. Qd7 Rf8 25. exd5 cxd5 26. Bxd5 {Black
resigns} 1-0